Map: [ESL] Goldenaura

Players

ByuN - Winner!

  • Race: Terran Terran
  • Spawn Location: 5:00

HeroMarine

  • Race: Terran Terran
  • Spawn Location: 12:00

Event: ESL Spring 2024 Finals

VOD

Have the link to the VOD?

Description

Time

  • Played on: June 1, 2024, 3:06 p.m.
  • Length: 9:16

All games in this series

Show
View Real Time Build Order
Export as new Build Order

ByuN Terran - Winner!

Build Orders: Cyclone Opening, Gas First Reaper Expand 

Get SALT Encoding   

  12  0:00  SCV  
  13  0:12  SCV  
  14  0:16  Supply Depot  
  14  0:24  SCV  
  15  0:30  Refinery  
  15  0:38  SCV  
  16  0:45  Barracks  
  16  0:50  SCV  
  17  1:02  SCV  
  18  1:14  SCV  
  19  1:32  Orbital Command, Reaper  
  20  1:42  Command Center  
  20  1:53  Factory  
  20  1:57  SCV  
  21  2:06  Supply Depot, Marine  
  22  2:11  SCV  
  22  2:15  Refinery  
  23  2:27  SCV, Marine  
  27  2:37  Hellion  
  27  2:39  SCV, Starport  
  28  2:45  Barracks Reactor  
  28  2:51  SCV  
  28  2:55  Orbital Command  
  29  2:59  Cyclone  
  29  3:04  SCV  
  32  3:09  Refinery  
  32  3:15  Medivac  
  35  3:20  SCV x2  
  35  3:24  Marine x2  
  38  3:32  SCV  
  38  3:33  SCV  
  40  3:35  Factory Tech Lab  
  40  3:36  Supply Depot  
  40  3:42  Marine x2  
  40  3:44  SCV  
  40  3:45  SCV  
  40  3:47  Starport Tech Lab  
  44  3:57  SCV x2, Siege Tank  
  48  4:09  SCV x2  
  48  4:11  Marine  
  48  4:12  Marine  
  49  4:18  Supply Depot  
  49  4:19  Raven  
  49  4:21  SCV x2  
  53  4:25  Interference Matrix  
  53  4:29  Marine  
  54  4:33  Supply Depot  
  54  4:39  SCV x2, Siege Tank  
  60  4:48  Marine  
  60  4:51  SCV x2  
  62  4:55  Raven  
  63  5:03  SCV x2  
  63  5:06  Supply Depot  
  65  5:13  Command Center  
  67  5:14  Supply Depot, Siege Tank  
  67  5:20  SCV x2  
  70  5:30  Barracks  
  70  5:32  SCV x2  
  70  5:34  Barracks  
  72  5:35  Marine  
  72  5:36  Stimpack  
  72  5:39  Starport Reactor  
  72  5:41  Engineering Bay x2  
  73  5:44  SCV x2, Refinery  
  73  5:48  Siege Tank  
  78  5:53  Marine  
  78  5:56  SCV  
  78  5:57  SCV  
  81  6:00  Supply Depot  
  81  6:09  SCV x2  
  81  6:11  Marine  
  83  6:16  Terran Infantry Weapons Level 1, Terran Infantry Armor Level 1  
  84  6:21  SCV x2, Barracks  
  84  6:22  Barracks  
  84  6:23  Siege Tank  
  89  6:26  Starport Reactor  
  89  6:33  Marine x4  
  89  6:34  Marine  
  89  6:36  SCV x2  
  96  6:43  Supply Depot  
  91  6:48  SCV x2  
  91  6:51  Marine  
  84  6:55  Marine  
  84  6:56  Marine  
  84  6:57  Siege Tank, Marine x2  
  84  6:59  Orbital Command  
  84  7:00  SCV x2  
  91  7:09  Marine, Viking  
  91  7:12  SCV x2  
  96  7:19  Marine x3  
  96  7:21  Combat Shield, Barracks Reactor x2  
  96  7:24  SCV x2  
  96  7:27  Marine x2  
  96  7:29  Viking  
  102  7:36  SCV x2  
  103  7:37  Marine  
  103  7:38  Marine x2  
  103  7:41  Siege Tank  
  109  7:44  Orbital Command, Marine  
  109  7:45  Marine  
  109  7:48  SCV x2  
  113  7:57  Marine  
  109  8:05  SCV  
  109  8:06  Marine x2  
  109  8:07  Supply Depot, Marine  
  109  8:08  Supply Depot, SCV  
  109  8:09  Supply Depot, Marine  
  109  8:11  Marine  
  109  8:12  Marine  
  109  8:25  SCV  
  109  8:27  Marine x2  
  109  8:29  SCV, Marine x6, Medivac  
  109  8:32  Marine  
  116  8:37  SCV  
  116  8:41  SCV  
  109  8:45  Marine x2  
  109  8:46  Marine x5  
  109  8:47  Marine  
  109  8:49  Marine  
  109  8:52  Armory  
  109  8:56  Refinery  
  109  8:57  Refinery  
  108  9:07  Command Center  
Show
View Real Time Build Order
Export as new Build Order

HeroMarine Terran 

Build Orders: Cyclone Opening 

Get SALT Encoding   

  12  0:00  SCV  
  13  0:12  SCV  
  14  0:17  Supply Depot  
  14  0:24  SCV  
  15  0:38  SCV  
  15  0:40  Barracks  
  16  0:44  Refinery  
  16  0:50  SCV  
  16  0:53  Refinery  
  17  1:02  SCV  
  18  1:15  SCV  
  19  1:27  Orbital Command, Reaper  
  19  1:32  Supply Depot  
  20  1:41  Factory  
  20  1:52  SCV  
  21  1:59  Reaper  
  22  2:04  SCV  
  23  2:16  SCV  
  23  2:19  Command Center  
  24  2:27  Cyclone  
  24  2:28  SCV  
  27  2:38  Starport  
  27  2:41  SCV  
  28  2:48  Supply Depot  
  28  2:52  Barracks Reactor  
  28  2:53  SCV  
  29  3:00  Cyclone  
  31  3:09  SCV  
  31  3:11  Refinery  
  32  3:14  Medivac  
  34  3:21  SCV  
  35  3:28  Marine x2  
  35  3:31  Orbital Command  
  35  3:33  Factory Tech Lab  
  37  3:34  SCV  
  38  3:44  Starport Tech Lab  
  38  3:46  Marine x2  
  38  3:47  SCV  
  41  3:52  Siege Tank  
  44  3:58  SCV  
  44  3:59  SCV  
  44  4:10  SCV  
  44  4:11  SCV  
  44  4:12  Marine x2  
  46  4:18  Raven  
  46  4:22  SCV  
  46  4:23  SCV  
  48  4:29  Supply Depot  
  48  4:30  Marine x2  
  50  4:33  Siege Tank  
  50  4:34  SCV  
  54  4:43  Supply Depot  
  54  4:52  Raven  
  56  4:53  Command Center  
  56  4:56  SCV x2  
  58  5:07  Interference Matrix, Siege Tank  
  58  5:08  SCV x2  
  58  5:12  Supply Depot, Marine  
  58  5:13  Marine  
  65  5:20  SCV x2  
  67  5:28  Raven  
  69  5:30  Marine, Refinery  
  69  5:33  SCV x2, Marine  
  69  5:34  Supply Depot  
  73  5:39  Siege Tank  
  76  5:43  Barracks  
  76  5:45  SCV x2, Barracks  
  78  5:55  Marine x2  
  80  5:57  SCV x2  
  80  6:00  Engineering Bay  
  80  6:02  Engineering Bay  
  82  6:06  Orbital Command  
  82  6:09  SCV x2  
  84  6:12  Siege Tank  
  85  6:19  Liberator x2  
  85  6:22  SCV x2  
  85  6:23  Marine  
  85  6:25  Supply Depot  
  94  6:26  Stimpack  
  94  6:34  SCV x2  
  94  6:35  Orbital Command  
  94  6:36  Terran Infantry Weapons Level 1  
  94  6:37  Marine x2  
  98  6:41  Marine, Terran Infantry Armor Level 1  
  98  6:42  Supply Depot  
  96  6:47  SCV x2  
  96  6:53  Siege Tank  
  92  6:58  Barracks x2  
  92  6:59  SCV x2  
  92  7:01  Barracks Reactor x2  
  94  7:02  Marine  
  94  7:06  SCV  
  92  7:11  SCV  
  92  7:12  SCV  
  92  7:13  Viking x2  
  98  7:18  SCV  
  98  7:23  SCV  
  98  7:24  Supply Depot, SCV  
  98  7:25  Supply Depot  
  98  7:27  Marine  
  101  7:30  SCV  
  101  7:31  Refinery  
  101  7:32  Supply Depot, Refinery  
  101  7:34  Siege Tank  
  101  7:36  SCV x2  
  103  7:42  SCV  
  104  7:45  Marine x4  
  104  7:47  Marine  
  104  7:48  SCV x2  
  108  7:54  Marine x2  
  102  8:00  SCV, Medivac x2  
  102  8:03  Marine x3  
  102  8:04  Marine  
  97  8:06  Siege Tank  
  97  8:07  Marine  
  97  8:11  Marine  
  97  8:12  Marine  
  98  8:20  Marine  
  98  8:21  Marine x2  
  98  8:22  Marine  
  101  8:30  Marine x3  
  101  8:32  Orbital Command  
  103  8:38  Marine x2  
  103  8:41  Marine x2  
  88  8:47  Marine  
  88  8:48  Marine x2  
  80  8:56  Marine x2  
  80  9:00  SCV x2  
  80  9:01  SCV  
Tags
 
Add a new tag
Caveats
  • Supply blocks, unpowered buildings, or Contaminate may cause inaccurate times.
  • Supply counts are checked every 10 seconds.